 Dungeon Crawl Stone Soup version 0.21.1-1-g345015f (webtiles) character file.

55 Iko the Vexing (level 3, -1/28 HPs)
             Began as a Demigod Arcane Marksman on June 9, 2018.
             Slain by Duvessa
             ... wielding a +0 short sword
              (6 damage)
             ... on level 4 of the Dungeon.
             The game lasted 00:06:34 (538 turns).

Iko the Vexing (Demigod Arcane Marksman)             Turns: 538, Time: 00:06:34

Health: -1/28      AC:  6    Str: 15    XL:     3   Next: 45%
Magic:  6/6        EV: 12    Int: 17    God:
Gold:   90         SH:  0    Dex: 16    Spells: 3/4 levels left

rFire    + . .     SeeInvis .   k - +2 falchion (flame)
rCold    . . .     Gourm    .   (no shield)
rNeg     . . .     Faith    .   g - +0 ring mail
rPois    .         Spirit   .   (no helmet)
rElec    .         Reflect  .   (no cloak)
rCorr    .         Harm     .   (no gloves)
MR       +....                  e - +0 pair of boots
Stlth    +.........             (no amulet)
HPRegen  0.09/turn              b - ring of protection from fire
MPRegen  0.10/turn              (no ring)

@: no status effects
A: high mp 1, magic resistance 1, evolution 1
a: no special abilities


You were on level 4 of the Dungeon.
You were not hungry.

You visited 1 branch of the dungeon, and saw 4 of its levels.

You collected 90 gold pieces.

Inventory:

Hand Weapons
 a - a +0 shortbow
 k - a +2 falchion of flaming (weapon)
Missiles
 d - 27 arrows
Armour
 e - a +0 pair of boots (worn)
 g - a +0 ring mail (worn)
Jewellery
 b - a ring of protection from fire (left hand)
Potions
 i - a potion of brilliance
Books
 c - a book of Debilitation

   Spells                             Type                      Level
   a - Corona                         Hexes                        1
   b - Slow                           Hexes                        2
   c - Inner Flame                    Hexes/Fire                   3
   d - Portal Projectile              Hexes/Translocation          3
   e - Cause Fear                     Hexes                        4
   f - Leda's Liquefaction            Hexes/Earth                  4
Comestibles
 f - a ration


   Skills:
 + Level 1.0 Fighting
 + Level 2.3 Bows
 + Level 0.4 Armour
 + Level 2.4 Dodging
 + Level 1.0 Spellcasting
 + Level 3.3 Hexes


You had 3 spell levels left.
You knew the following spells:

 Your Spells              Type           Power        Failure   Level  Hunger
a - Corona                Hex            ##.....      11%         1    ##.....


Dungeon Overview and Level Annotations

Branches:
Dungeon (4/15)
 Temple: D:4-7

Annotations:
D:4 Dowan, Duvessa, Edmund


Innate Abilities, Weirdness & Mutations

You have an increased reservoir of magic. (+10% MP)
You are resistant to hostile enchantments. (MR+)
You evolve.


Message History

You shoot an arrow.
The arrow hits Duvessa but does no damage.
Your +2 falchion of flaming bursts into flame!
k - a +2 falchion of flaming (weapon)
Duvessa hits you with a short sword.
* * * LOW HITPOINT WARNING * * *
You barely miss Duvessa.
Edmund asks, "Have you met my wondrous brother?"
Duvessa hits you but does no damage.
You hit Duvessa. You burn Duvessa.
Duvessa is lightly wounded.
Dowan says, "My weaknesses are her strengths!"
Duvessa hits you with a short sword.
* * * LOW HITPOINT WARNING * * *
Sorry, you're not good enough to have a special ability.
Unknown command.
You hit Duvessa. You burn Duvessa.
Duvessa is moderately wounded.
Duvessa hits you with a short sword.
You die...

..(.. ... ... ..## .Z. ....
#@# .... #e# .... # #e#
#..## .###@## #..#
#..##..## .. #..## #..#
##..## ..# #..#
##..######..#####...
###..###......####..#......
##.....#....#...###.....#
...........###...##....##
........................##
.######..#.).).#.........#


You could see Edmund, Duvessa, Dowan and a gnoll zombie.

Vanquished Creatures
  Natasha (D:3)
  2 adders (D:2)
  A dart slug (D:1)
  A giant cockroach (D:1)
  4 goblins
  A frilled lizard (D:1)
  A kobold (D:1)
  3 rats
14 creatures vanquished.

Notes
Turn   | Place    | Note
-------+----------+-------------------------------------------
     0 | D:1      | Iko the Demigod Arcane Marksman began the quest for the Orb.
     0 | D:1      | Reached XP level 1. HP: 15/15 MP: 4/4
    61 | D:1      | Reached skill level 3 in Hexes
   234 | D:1      | Gained mutation: You are resistant to hostile enchantments. (MR+) [potion of mutation]
   234 | D:1      | Gained mutation: You evolve. [potion of mutation]
   246 | D:1      | Reached XP level 2. HP: 22/22 MP: 5/5
   442 | D:3      | Noticed Natasha
   451 | D:3      | Killed Natasha
   451 | D:3      | Reached skill level 1 in Fighting
   451 | D:3      | Reached XP level 3. HP: 3/28 MP: 6/6
   472 | D:4      | Found an iron altar of Okawaru.
   486 | D:4      | Got a scorched buckler
   531 | D:4      | Noticed Duvessa
   532 | D:4      | Noticed Dowan
   532 | D:4      | Noticed Edmund
   538 | D:4      | Slain by Duvessa

Skill      XL: |  1  2 |
---------------+-------+-----
Hexes          | 3 |  3.3
Bows           | 2 |  2.3
Dodging        | 2 |  2.4
Fighting       | 1 |  1.0
Armour         | |  0.4
Spellcasting   | |  1.0

Action                   || total
-------------------------++-------
Melee: Mace              ||    26
       Falchion          ||     3
 Fire: Shortbow          ||    28
  Use: Potion            ||     5
       Scroll            ||     3
Armor: Leather armour    ||     2
       Ring mail         ||    15
Dodge: Dodged            ||    28
